[Event "November 21 Early 2023"]
[Site "https://www.chess.com"]
[Date "2023.11.21"]
[Round "3"]
[White "Nakamura, Hikaru"]
[Black "Maksimovic, Bojan"]
[Result "1-0"]
[Board "1"]
[TimeControl "180+1"]
[WhiteFideId "2016192"]
[BlackFideId "14408120"]
[WhiteElo "2874"]
[BlackElo "2546"]
[WhiteTeam "USA"]
[BlackTeam "BIH"]
[WhiteClock "0:00:43"]
[BlackClock "0:00:07"]

1. Nh3 a6 2. g3 g6 3. Bg2 Bg7 4. d4 d6 5. e4 Nf6 6. f3 c5 7. dxc5 Qa5+ 8. c3 Qxc5 9. Qe2 O-O 10. Be3 Qc7 11. O-O Nc6 12. a4 d5 13. exd5 Nxd5 14. Bf2 Bf5 15. Nd2 Rad8 16. Ng5 Ne5 17. Nge4 Bxe4 18. Nxe4 Qc4 19. Rfe1 Qxe2 20. Rxe2 Nd3 21. Nc5 Nxf2 22. Kxf2 Rb8 23. Nd7 b5 24. axb5 axb5 25. f4 Nxc3 26. bxc3 Bxc3 27. Raa2 Bd4+ 28. Ke1 e6 29. Nxb8 Rxb8 30. Ra8 1-0

[Event "November 21 Early 2023"]
[Site "https://www.chess.com"]
[Date "2023.11.21"]
[Round "3"]
[White "Petkov, Momchil"]
[Black "Carlsen, Magnus"]
[Result "0-1"]
[Board "2"]
[TimeControl "180+1"]
[WhiteFideId "2921642"]
[BlackFideId "1503014"]
[WhiteElo "2383"]
[BlackElo "2887"]
[WhiteTeam "BUL"]
[BlackTeam "NOR"]
[WhiteClock "0:00:01"]
[BlackClock "0:02:11"]

1. d4 c6 2. Nf3 Nf6 3. c4 b5 4. c5 d6 5. cxd6 exd6 6. Bg5 h6 7. Bh4 Be7 8. e3 O-O 9. Bd3 Bb7 10. O-O Nbd7 11. Nbd2 Re8 12. a4 a6 13. Nb3 Qb6 14. Bf5 Rad8 15. axb5 axb5 16. Na5 Ba8 17. Qc2 c5 18. Rfd1 c4 19. b3 d5 20. Bg3 Bd6 21. Bxd6 Qxd6 22. Bxd7 Nxd7 23. Qd2 Rc8 24. Rdc1 Nf6 25. Ne5 Ne4 26. Qe1 c3 27. Nd3 b4 28. Ra4 Rb8 29. f3 Nd2 30. Nc5 Rb5 31. Qf2 Rxc5 32. dxc5 Qxc5 33. Re1 Re6 34. h3 Ra6 35. Kh1 Rxa5 0-1

[Event "November 21 Early 2023"]
[Site "https://www.chess.com"]
[Date "2023.11.21"]
[Round "3"]
[White "Concio, Michael Jr."]
[Black "Erigaisi Arjun"]
[Result "1-0"]
[Board "3"]
[TimeControl "180+1"]
[WhiteFideId "5217873"]
[BlackFideId "35009192"]
[WhiteElo "2300"]
[BlackElo "2729"]
[WhiteTeam "PHI"]
[BlackTeam "IND"]
[WhiteClock "0:00:05"]
[BlackClock "0:00:06"]

1. e4 c6 2. d4 d5 3. exd5 cxd5 4. Nf3 Nc6 5. Nbd2 Bf5 6. Bb5 e6 7. c4 Bd6 8. c5 Bc7 9. Qa4 Ne7 10. O-O h6 11. b4 O-O 12. Re1 a5 13. Bxc6 axb4 14. Qxb4 bxc6 15. Nb3 Be4 16. Ne5 f6 17. Ng4 h5 18. Ne3 Qd7 19. Qc3 e5 20. a4 Bh7 21. Bd2 e4 22. Nf1 f5 23. f4 g5 24. Qg3 g4 25. Qc3 h4 26. g3 Kf7 27. a5 Qc8 28. Ne3 Rh8 29. Ng2 Ng6 30. Kf2 Qa6 31. Rh1 Ke6 32. Be1 Rab8 33. Bd2 Bg8 34. Nc1 Kd7 35. Ne2 Be6 36. Ne3 Rb5 37. Kg2 Rxc5 38. dxc5 Qxe2+ 39. Kg1 Rb8 40. a6 Ne7 41. a7 Ra8 42. Nc2 h3 43. Ne3 Kc8 44. Qh8+ Bd8 45. Qb2 Bc7 46. Bc1 Qd3 47. Ra3 Qb5 48. Qxb5 cxb5 49. Bb2 Nc6 50. Kf2 d4 51. Nc2 d3 52. Nd4 Nxd4 53. Bxd4 Kb7 54. Rc1 Bc4 55. Ke3 Kc6 56. Ra6+ Kb7 57. Rca1 b4 58. c6+ Kc8 59. R6a4 Bd6 60. Rb1 Bd5 61. Raxb4 Bxb4 62. Rxb4 Bxc6 63. Rc4 Kd7 64. Rb4 Kd6 65. Rb8 Kd5 66. Rb4 Bd7 67. Rb7 Bc6 68. Rb4 Re8 69. Rb8 Re7 70. Rd8+ Ke6 71. Bc5 Rd7 72. Rc8 Bb7 73. Re8+ Kd5 74. Rb8 Kxc5 75. Rxb7 Rd8 76. Rb8 Rd6 77. a8=Q d2 78. Qa5+ Kc6 79. Rc8+ Kd7 80. Qc7+ Ke6 81. Re8+ Kd5 82. Re5# 1-0

[Event "November 21 Early 2023"]
[Site "https://www.chess.com"]
[Date "2023.11.21"]
[Round "3"]
[White "Dubov, Daniil"]
[Black "luckyswitchback"]
[Result "1-0"]
[Board "4"]
[TimeControl "180+1"]
[WhiteFideId "24126055"]
[WhiteElo "2767"]
[BlackElo "2810"]
[WhiteTeam "RUS"]
[WhiteClock "0:00:45"]
[BlackClock "0:00:04"]

1. d4 Nf6 2. Nf3 e6 3. c4 d5 4. g3 dxc4 5. Bg2 a6 6. O-O Nc6 7. Qc2 Nxd4 8. Nxd4 Qxd4 9. Rd1 Qc5 10. Nd2 c3 11. bxc3 Be7 12. c4 O-O 13. Rb1 c6 14. Ne4 Qh5 15. Bg5 e5 16. Bxf6 gxf6 17. Nd6 Be6 18. Bf3 Qh3 19. Nxb7 Rac8 20. Na5 Bc5 21. e3 f5 22. Nxc6 e4 23. Bg2 Qh5 24. Nd4 Bxd4 25. Rxd4 Rc5 26. Bf1 Qg5 27. Rb6 a5 28. Rb5 Rfc8 29. Qd2 Qe7 30. Qxa5 h6 31. Qb4 Qa7 32. a4 R5c6 33. a5 Bxc4 34. Rxc4 1-0

[Event "November 21 Early 2023"]
[Site "https://www.chess.com"]
[Date "2023.11.21"]
[Round "3"]
[White "Molina, Roberto Junio Brito"]
[Black "Andreikin, Dmitry"]
[Result "0-1"]
[Board "5"]
[TimeControl "180+1"]
[WhiteFideId "2109450"]
[BlackFideId "4158814"]
[WhiteElo "2389"]
[BlackElo "2741"]
[WhiteTeam "BRA"]
[BlackTeam "FID"]
[WhiteClock "0:00:01"]
[BlackClock "0:00:27"]

1. d4 Nf6 2. Nf3 e6 3. e3 b6 4. Bd3 Bb7 5. O-O c5 6. Qe2 Nc6 7. c3 d5 8. Nbd2 Be7 9. dxc5 bxc5 10. e4 O-O 11. b3 Qc7 12. Bb2 Rad8 13. Rad1 Ne5 14. Nxe5 Qxe5 15. Nf3 Qh5 16. e5 Nd7 17. Rfe1 f5 18. exf6 Rxf6 19. c4 d4 20. Be4 Bxe4 21. Qxe4 Rdf8 22. Qb7 Rg6 23. Kh1 Qg4 24. Rg1 e5 25. Rde1 Bd6 26. Qe4 Qxe4 27. Rxe4 Nf6 28. Re2 e4 29. Nd2 e3 30. fxe3 dxe3 31. Nf3 Ng4 32. Rge1 Nf2+ 33. Rxf2 exf2 34. Rf1 Bf4 35. Rxf2 Be3 36. Rf1 Rd6 37. Re1 Bh6 38. Ba3 Rfd8 39. g3 Rd1 40. Kg2 Rxe1 41. Nxe1 Rd2+ 42. Kh3 Be3 43. Nf3 Rxa2 0-1

[Event "November 21 Early 2023"]
[Site "https://www.chess.com"]
[Date "2023.11.21"]
[Round "3"]
[White "Nihal Sarin"]
[Black "Pendos666"]
[Result "1-0"]
[Board "6"]
[TimeControl "180+1"]
[WhiteFideId "25092340"]
[WhiteElo "2689"]
[BlackElo "2808"]
[WhiteTeam "IND"]
[WhiteClock "0:00:12"]
[BlackClock "0:00:14"]

1. e4 c5 2. Nf3 g6 3. c3 d5 4. exd5 Qxd5 5. d4 Bg7 6. Na3 Nh6 7. Nb5 Na6 8. Be2 cxd4 9. Nbxd4 O-O 10. O-O Nc5 11. h3 Nf5 12. Nxf5 Qxf5 13. Be3 b6 14. Nd4 Qd7 15. a4 Bb7 16. a5 Rfd8 17. axb6 axb6 18. Rxa8 Bxa8 19. Qa1 e5 20. Nf3 Qc6 21. Rd1 Re8 22. Bf1 Ne6 23. Qa7 e4 24. Ng5 Nxg5 25. Bxg5 b5 26. Qa5 e3 27. Bxe3 Rxe3 28. fxe3 Bh6 29. Rd8+ Kg7 30. Qxa8 Bxe3+ 31. Kh1 Qf6 32. Rg8+ Kh6 33. Qf3 Qe5 34. Qxf7 Bc5 35. Qf3 Bd6 36. g3 Qe1 37. Rd8 Bxg3 38. Rd1 Qe5 39. Rd5 Qe1 40. Rd3 Be5 41. Qe3+ 1-0

[Event "November 21 Early 2023"]
[Site "https://www.chess.com"]
[Date "2023.11.21"]
[Round "3"]
[White "Raja Rithvik R"]
[Black "Erdogmus, Yagiz Kaan"]
[Result "1-0"]
[Board "7"]
[TimeControl "180+1"]
[WhiteFideId "35007394"]
[BlackFideId "44599790"]
[WhiteElo "2395"]
[BlackElo "2359"]
[WhiteTeam "IND"]
[BlackTeam "TUR"]
[WhiteClock "0:00:08"]
[BlackClock "0:00:02"]

1. Nf3 Nf6 2. c4 e6 3. Nc3 d5 4. d4 c6 5. e3 Nbd7 6. Be2 Bd6 7. O-O O-O 8. b3 b6 9. Bb2 Bb7 10. Qc2 c5 11. cxd5 Nxd5 12. Nxd5 Bxd5 13. e4 Bb7 14. d5 exd5 15. exd5 Re8 16. Rad1 a6 17. a4 Ne5 18. Rfe1 Qf6 19. Nd2 Rad8 20. Nc4 Qg5 21. Nxb6 Qh6 22. g3 Qh3 23. Nc4 Bb8 24. Nxe5 Rxd5 25. Nf3 Rh5 26. Bf1 Rxe1 27. Rxe1 Qc8 28. Bg2 Re5 29. Nxe5 1-0

[Event "November 21 Early 2023"]
[Site "https://www.chess.com"]
[Date "2023.11.21"]
[Round "3"]
[White "Lobanov, Sergei"]
[Black "Le, Quang Liem"]
[Result "1/2-1/2"]
[Board "8"]
[TimeControl "180+1"]
[WhiteFideId "24183750"]
[BlackFideId "12401137"]
[WhiteElo "2483"]
[BlackElo "2665"]
[WhiteTeam "FID"]
[BlackTeam "VIE"]
[WhiteClock "0:00:12"]
[BlackClock "0:00:06"]

1. d4 Nf6 2. c4 e6 3. Nc3 d5 4. cxd5 exd5 5. Bg5 c6 6. e3 h6 7. Bh4 Be7 8. Bd3 O-O 9. Nge2 Nbd7 10. f3 Re8 11. O-O b5 12. Bf2 Nb6 13. Rc1 Bf8 14. b3 a5 15. h3 Ba6 16. Nb1 Qd7 17. Nd2 b4 18. Bxa6 Rxa6 19. Qc2 Na8 20. e4 dxe4 21. fxe4 Nc7 22. Bh4 Nh7 23. d5 Nb5 24. dxc6 Qe6 25. Qc4 Qxc4 26. Rxc4 Rc8 27. c7 Rxc7 28. Rxc7 Nxc7 29. Rc1 Ne6 30. Rc8 Nhg5 31. Bxg5 hxg5 32. Nc4 Kh7 33. Ng3 a4 34. Kf1 axb3 35. axb3 Ra1+ 36. Ke2 Ra2+ 37. Kf3 Rc2 38. e5 Rc3+ 39. Kg4 Rxb3 40. Ne4 Rb1 41. Ncd6 Rf1 42. Rb8 Rf4+ 43. Kg3 Bxd6 44. Nxd6 Kg6 45. Rb7 Nd4 46. Kh2 Ne6 47. Rb6 Kh7 48. Rb7 Kg6 49. Rb6 f6 50. Ne8 Nd4 51. e6 Re4 52. Nc7 Nf5 53. Nd5 Re2 54. Kg1 Nh4 55. Kf1 Re4 56. e7 Nf5 57. Rb7 b3 58. Kf2 b2 59. Rxb2 Nxe7 60. Nxe7+ Rxe7 61. Kf3 Ra7 62. Kg3 Ra3+ 63. Kf2 Kh5 64. Rb6 Ra2+ 65. Kg3 Ra3+ 66. Kf2 g4 67. hxg4+ Kxg4 68. Rb4+ Kg5 69. Rb7 g6 70. Rb4 f5 71. Rc4 f4 72. Rc6 Kf5 73. Rc8 Kg4 74. Rc2 g5 75. Rb2 Rd3 76. Rc2 Rd4 77. Rb2 Rd5 78. Rc2 Kf5 79. Rb2 Ke4 80. Rb4+ Rd4 81. Rb2 g4 82. Re2+ Kf5 83. Re8 g3+ 84. Kf1 Rd2 85. Rf8+ Kg5 86. Rg8+ Kh6 87. Rh8+ Kg7 88. Ra8 Rf2+ 89. Kg1 Kg6 90. Rg8+ Kf5 91. Rf8+ Ke4 92. Re8+ Kd3 93. Rd8+ Kc2 94. Rc8+ Kd1 95. Rd8+ Ke1 96. Re8+ Kd2 97. Rd8+ Kc3 98. Rc8+ Kd3 99. Rd8+ Kc2 100. Rc8+ Kb1 101. Rb8+ Kc1 102. Rc8+ Kd1 103. Rd8+ Rd2 104. Rf8 Rd4 105. Kf1 Kd2 106. Re8 Kd3 107. Ra8 Rc4 108. Rd8+ Ke3 109. Re8+ Kd2 110. Rd8+ Kc3 111. Rf8 Kd3 112. Rd8+ Rd4 113. Rf8 Re4 114. Rd8+ Ke3 115. Ra8 Rc4 116. Re8+ Kd4 117. Rd8+ Ke5 118. Re8+ Kd6 119. Rd8+ Ke7 120. Ra8 Rc1+ 121. Ke2 Rc2+ 122. Kf1 Ke6 123. Re8+ Kf5 124. Rf8+ Ke5 125. Re8+ Kd6 126. Rd8+ Ke7 127. Ra8 Rf2+ 128. Kg1 Ke6 129. Re8+ Kd5 130. Rd8+ Kc6 131. Rc8+ Kd7 132. Rf8 Ke7 133. Ra8 Rd2 1/2-1/2

[Event "November 21 Early 2023"]
[Site "https://www.chess.com"]
[Date "2023.11.21"]
[Round "3"]
[White "Rychkov, Oleg"]
[Black "Sadhwani, Raunak"]
[Result "0-1"]
[Board "9"]
[TimeControl "180+1"]
[WhiteFideId "4122852"]
[BlackFideId "35093487"]
[WhiteElo "2398"]
[BlackElo "2668"]
[WhiteTeam "RUS"]
[BlackTeam "IND"]
[WhiteClock "0:00:24"]
[BlackClock "0:00:18"]

1. e4 c6 2. c4 g6 3. d4 Bg7 4. Nc3 d6 5. f4 Nf6 6. Nf3 O-O 7. Bd3 Bg4 8. Be3 e5 9. O-O exd4 10. Bxd4 Nbd7 11. h3 Bxf3 12. Qxf3 Qc7 13. Rad1 a5 14. g4 Rad8 15. g5 Nh5 16. Be3 Nc5 17. Bc2 Qb6 18. Na4 Qb4 19. a3 Qxc4 20. Nc3 b5 21. Rc1 Nb3 22. Bxb3 Qxb3 23. Rf2 b4 24. axb4 axb4 25. Nd1 c5 26. Kg2 Rfe8 27. Re2 c4 28. Bb6 Qd3 29. Bxd8 Nxf4+ 30. Qxf4 Qxe2+ 31. Nf2 Rxd8 32. e5 d5 33. e6 fxe6 34. b3 Rf8 0-1

[Event "November 21 Early 2023"]
[Site "https://www.chess.com"]
[Date "2023.11.21"]
[Round "3"]
[White "Paravyan, David"]
[Black "Alexandre, Anne Shopie Elizabeth"]
[Result "0-1"]
[Board "10"]
[TimeControl "180+1"]
[WhiteFideId "4194985"]
[BlackFideId "11902418"]
[WhiteElo "2566"]
[BlackElo "2786"]
[WhiteTeam "FID"]
[BlackTeam "HAI"]
[WhiteClock "0:00:11"]
[BlackClock "0:01:00"]

1. d4 Nf6 2. c4 e6 3. Nc3 Bb4 4. e3 b6 5. Ne2 Ne4 6. Bd2 Nxd2 7. Qxd2 Bb7 8. a3 Be7 9. Nf4 d6 10. Be2 Nd7 11. Qd1 Bg5 12. Bf3 Bxf3 13. Qxf3 O-O 14. O-O Bxf4 15. Qxf4 e5 16. Qf3 exd4 17. exd4 Nf6 18. Rfe1 Qd7 19. Re2 a5 20. Rae1 Rae8 21. h3 h6 22. b3 Rxe2 23. Rxe2 Re8 24. Rxe8+ Qxe8 25. Kf1 Qe7 26. g3 g6 27. Qe3 Qd7 28. Qxh6 Qf5 29. Kg2 Qc2 30. Qe3 Qxb3 31. Nd5 Qxe3 32. Nxf6+ Kg7 33. fxe3 Kxf6 34. a4 Ke6 35. Kf3 d5 36. c5 bxc5 37. dxc5 Ke5 38. h4 f5 39. g4 fxg4+ 40. Kxg4 Ke4 41. Kg5 Kxe3 42. Kxg6 d4 43. h5 d3 44. h6 d2 45. h7 d1=Q 46. h8=Q Qg4+ 47. Kf7 Qd7+ 48. Kg6 Qc6+ 49. Kf7 Qd5+ 50. Ke7 Qxc5+ 51. Kd7 Qd4+ 52. Qxd4+ Kxd4 53. Kxc7 Kc5 0-1

[Event "November 21 Early 2023"]
[Site "https://www.chess.com"]
[Date "2023.11.21"]
[Round "3"]
[White "Skvortsov, Andrei"]
[Black "Bortnyk, Olexandr"]
[Result "0-1"]
[Board "11"]
[TimeControl "180+1"]
[WhiteFideId "24108600"]
[BlackFideId "14120828"]
[WhiteElo "2357"]
[BlackElo "2725"]
[WhiteTeam "MNE"]
[BlackTeam "UKR"]
[WhiteClock "0:00:09"]
[BlackClock "0:00:28"]

1. e4 Nf6 2. Nc3 d5 3. e5 Nfd7 4. Nxd5 Nxe5 5. Ne3 c5 6. Nf3 Nbc6 7. Bb5 Bd7 8. Nxe5 Nxe5 9. Bxd7+ Qxd7 10. O-O g6 11. b3 Bg7 12. Bb2 O-O 13. Rb1 Rad8 14. d3 b5 15. a3 e6 16. Qe2 h5 17. f4 Nc6 18. Bxg7 Kxg7 19. Qf2 Qd4 20. g3 Rd6 21. a4 a6 22. axb5 axb5 23. Ng2 Ra8 24. Qxd4+ Nxd4 25. Ne3 Ra2 26. Rf2 b4 27. Rd1 Rda6 28. Rdd2 Ra1+ 29. Rf1 Rxf1+ 30. Kxf1 Ra1+ 31. Kg2 Rc1 32. h3 f5 33. Kf2 Kf6 34. Kg2 g5 35. fxg5+ Kxg5 36. h4+ Kg6 37. Rf2 Re1 38. Nc4 Kf6 39. Rd2 e5 40. Rf2 Ke6 41. Rd2 f4 42. gxf4 exf4 43. Rf2 Kf5 44. Kh3 Rh1+ 45. Kg2 Rxh4 46. Nd6+ Kg4 47. Ne4 f3+ 48. Kg1 Ne2+ 49. Rxe2 fxe2 50. Kf2 Rh2+ 51. Ke1 Kf4 52. Nd2 h4 0-1

[Event "November 21 Early 2023"]
[Site "https://www.chess.com"]
[Date "2023.11.21"]
[Round "3"]
[White "Demchenko, Anton"]
[Black "Arifarsky"]
[Result "0-1"]
[Board "12"]
[TimeControl "180+1"]
[WhiteFideId "4160258"]
[WhiteElo "2545"]
[BlackElo "2778"]
[WhiteTeam "SLO"]
[WhiteClock "0:00:09"]
[BlackClock "0:00:16"]

1. e4 c5 2. Nc3 Nc6 3. Bb5 g6 4. Bxc6 dxc6 5. d3 Bg7 6. f4 Nf6 7. Nf3 O-O 8. O-O b5 9. Ne5 Qb6 10. Be3 Nd7 11. Nf3 Qc7 12. Qe1 Ba6 13. b3 c4 14. bxc4 bxc4 15. d4 e6 16. Ne5 Rfd8 17. h4 c5 18. Nf3 cxd4 19. Bxd4 Bb7 20. Bxg7 Kxg7 21. Rb1 Rab8 22. Qe3 Qc5 23. Rfe1 Qxe3+ 24. Rxe3 Ba8 25. Rxb8 Rxb8 26. Nd2 Rb2 27. Nxc4 Rxc2 28. Nd6 Nf6 29. Rd3 Ng4 30. a4 Rc1+ 31. Nd1 Bc6 32. Nb5 Bxe4 33. Rd2 Bc2 34. Nc3 Ne3 35. Kf2 Nxd1+ 36. Nxd1 Bxd1 37. Rd7 a5 38. Ra7 Rc4 39. Rxa5 Rxf4+ 40. Kg3 Rg4+ 41. Kh3 Rxa4 42. Rc5 Bg4+ 43. Kg3 Bf5 44. Rc7 Rg4+ 45. Kf2 Rxh4 46. g3 Rg4 47. Ra7 h5 48. Ra5 h4 49. gxh4 Rxh4 50. Kf3 Re4 51. Rb5 g5 52. Rb8 g4+ 53. Kg3 Kf6 54. Kh4 Re3 55. Rb3 Re4 56. Rc3 g3+ 57. Kxg3 Rg4+ 58. Kf2 Kg5 59. Rc8 f6 60. Rc3 e5 61. Rc5 Kf4 62. Rc4+ Be4 63. Ke1 f5 64. Rc3 Rg3 65. Rc8 Rg1+ 66. Kd2 Rg2+ 67. Kd1 Ke3 68. Re8 Rg1# 0-1

[Event "November 21 Early 2023"]
[Site "https://www.chess.com"]
[Date "2023.11.21"]
[Round "3"]
[White "Nguyen, Ngoc Truong Son"]
[Black "Parligras, Mircea-Emilian"]
[Result "1-0"]
[Board "13"]
[TimeControl "180+1"]
[WhiteFideId "12401110"]
[BlackFideId "1204297"]
[WhiteElo "2556"]
[BlackElo "2486"]
[WhiteTeam "VIE"]
[BlackTeam "ROU"]
[WhiteClock "0:00:16"]
[BlackClock "0:00:00"]

1. e4 c5 2. Nf3 d6 3. Bb5+ Bd7 4. c4 Nf6 5. Nc3 Nc6 6. d4 cxd4 7. Nxd4 g6 8. h3 Bg7 9. Be3 O-O 10. O-O Rc8 11. Bxc6 Bxc6 12. Qd3 Nd7 13. Rac1 a6 14. Rfd1 Qa5 15. a3 Qh5 16. f3 Nc5 17. Qe2 Ne6 18. Qf2 Nxd4 19. Bxd4 b5 20. Bxg7 Kxg7 21. cxb5 axb5 22. Rc2 Qc5 23. Rdc1 Qxf2+ 24. Kxf2 Bd7 25. Nd5 Rxc2+ 26. Rxc2 e5 27. Rc7 Be6 28. Nc3 Rb8 29. b4 Kf8 30. h4 h5 31. Ke3 Ke8 32. g3 Kd8 33. Ra7 Rb6 34. f4 exf4+ 35. gxf4 Bc4 36. Kd4 Be6 37. Nd5 Rc6 38. Ra5 Rc4+ 39. Ke3 Bxd5 40. exd5 Rc3+ 41. Ke4 Rc4+ 42. Ke3 Rc3+ 43. Kd2 Rf3 44. Rxb5 Rxa3 45. Rb7 Ke8 46. b5 Rf3 47. b6 Rb3 48. Kc2 Rb5 49. Kc3 1-0

[Event "November 21 Early 2023"]
[Site "https://www.chess.com"]
[Date "2023.11.21"]
[Round "3"]
[White "Djordjevic, Vuk"]
[Black "Galchenko, Matvey"]
[Result "0-1"]
[Board "14"]
[TimeControl "180+1"]
[WhiteFideId "902098"]
[BlackFideId "24175480"]
[WhiteElo "2425"]
[BlackElo "2406"]
[WhiteTeam "SRB"]
[BlackTeam "FID"]
[WhiteClock "0:00:03"]
[BlackClock "0:00:06"]

1. d4 Nf6 2. Bg5 Ne4 3. Bf4 c5 4. f3 Qa5+ 5. c3 Nf6 6. d5 e6 7. e4 exd5 8. exd5 d6 9. Na3 Be7 10. Nc4 Qc7 11. g4 O-O 12. Ne3 Re8 13. Qd2 Nbd7 14. h4 Bf8 15. Ne2 Ne5 16. Kf2 Nexg4+ 17. Nxg4 Bxg4 18. Ng3 Bd7 19. c4 b5 20. cxb5 Qb7 21. Rd1 Bxb5 22. Bxb5 Qxb5 23. h5 Rab8 24. Rb1 Qc4 25. Rhd1 Qxa2 26. Ra1 Qxb2 27. Rxa7 Nxd5 28. Ra2 Qxd2+ 29. Bxd2 Rb3 30. Ne4 Rd3 31. Rg1 f5 32. Ng3 Ne3 33. Bxe3 Rexe3 34. Nxf5 Rxf3+ 35. Ke2 Rb3 36. Rg5 h6 37. Nxh6+ Kh7 38. Ng4 Rg3 39. Ra7 Rb2+ 40. Kf1 Rf3+ 41. Kg1 Rb4 42. Rg6 Rg3+ 0-1

[Event "November 21 Early 2023"]
[Site "https://www.chess.com"]
[Date "2023.11.21"]
[Round "3"]
[White "Le, Tuan Minh"]
[Black "Sokolovsky, Yahli"]
[Result "1-0"]
[Board "15"]
[TimeControl "180+1"]
[WhiteFideId "12401153"]
[BlackFideId "2820242"]
[WhiteElo "2561"]
[BlackElo "2389"]
[WhiteTeam "VIE"]
[BlackTeam "ISR"]
[WhiteClock "0:00:15"]
[BlackClock "0:00:00"]

1. d4 d6 2. e4 g6 3. Bc4 Bg7 4. Nf3 e6 5. Bb3 Nf6 6. Qe2 O-O 7. O-O c5 8. dxc5 dxc5 9. e5 Nfd7 10. Bf4 b6 11. Nbd2 Bb7 12. Rfe1 Qc7 13. c3 Nc6 14. Qe3 Ne7 15. Qe2 h6 16. h3 g5 17. Bh2 Ng6 18. Bc2 Rad8 19. Bg3 Ngxe5 20. h4 Nxf3+ 21. Nxf3 Qc6 22. hxg5 hxg5 23. Rad1 Nf6 24. Be5 Nh5 25. Bxg7 Nxg7 26. Qe5 f6 27. Qh2 Kf7 28. Qh6 Rg8 29. Ne5+ fxe5 30. Bg6+ Kf6 31. Bh5+ Ke7 32. Qxg5+ 1-0

[Event "November 21 Early 2023"]
[Site "https://www.chess.com"]
[Date "2023.11.21"]
[Round "3"]
[White "Korchmar, Vasiliy"]
[Black "Daneshvar, Bardiya"]
[Result "0-1"]
[Board "16"]
[TimeControl "180+1"]
[WhiteFideId "24131750"]
[BlackFideId "12576468"]
[WhiteElo "2372"]
[BlackElo "2483"]
[WhiteTeam "RUS"]
[BlackTeam "IRI"]
[WhiteClock "0:00:00"]
[BlackClock "0:00:06"]

1. e4 d6 2. d4 g6 3. Nc3 a6 4. f4 b5 5. Nf3 Bb7 6. Bd3 Nd7 7. a4 b4 8. Ne2 e6 9. O-O Ngf6 10. e5 Ne4 11. Qe1 c5 12. c3 bxc3 13. bxc3 cxd4 14. cxd4 dxe5 15. fxe5 Be7 16. Bh6 Ng5 17. Nxg5 Bxg5 18. Qf2 f5 19. Bxg5 Qxg5 20. Nf4 Kf7 21. Bc4 Rhe8 22. Rab1 Be4 23. d5 Nxe5 24. Rb7+ Kg8 25. Qd4 Qf6 26. Kh1 Ng4 27. Qg1 Rac8 28. Bb3 g5 29. Nxe6 Rxe6 30. dxe6 Bxb7 31. Qb6 Qe7 32. h3 Nh6 33. Qe3 f4 34. Qe5 Rc5 35. Qb8+ Kg7 36. Rd1 Bc8 37. Qb4 Nf5 0-1

[Event "November 21 Early 2023"]
[Site "https://www.chess.com"]
[Date "2023.11.21"]
[Round "3"]
[White "Liang, Awonder"]
[Black "Ilkhomi, Jaloliddin"]
[Result "1-0"]
[Board "17"]
[TimeControl "180+1"]
[WhiteFideId "2056437"]
[BlackFideId "14700948"]
[WhiteElo "2527"]
[BlackElo "2054"]
[WhiteTeam "USA"]
[BlackTeam "TJK"]
[WhiteClock "0:01:44"]
[BlackClock "0:00:00"]

1. e4 e6 2. d3 d5 3. Nd2 c5 4. g3 Nc6 5. Bg2 Nf6 6. Ngf3 Bd6 7. O-O Qc7 8. Re1 O-O 9. Qe2 Nd7 10. h4 f6 11. exd5 exd5 12. Qe6+ Kh8 13. Qxd5 Nb4 14. Qb3 a5 15. Ne4 Nb6 16. a3 a4 17. Qc3 N4d5 18. Qd2 Bg4 19. c4 Ne7 20. Nxd6 Qxd6 21. Qf4 Qxf4 22. Bxf4 Nc6 23. Bd6 Rfd8 24. Bc7 Rxd3 25. Nh2 Nxc4 26. Nxg4 Nxb2 27. Rab1 Rb3 28. Bd5 c4 29. Ne3 Rc8 30. Rxb2 Rxb2 31. Nxc4 Rc2 32. Nd6 1-0

[Event "November 21 Early 2023"]
[Site "https://www.chess.com"]
[Date "2023.11.21"]
[Round "3"]
[White "Tatarinov, Dmitry"]
[Black "Pranesh M"]
[Result "0-1"]
[Board "18"]
[TimeControl "180+1"]
[WhiteFideId "24160067"]
[BlackFideId "35028600"]
[WhiteElo "2344"]
[BlackElo "2481"]
[WhiteTeam "RUS"]
[BlackTeam "IND"]
[WhiteClock "0:01:23"]
[BlackClock "0:02:14"]

1. d4 d5 2. c4 e6 3. Nc3 Nf6 4. cxd5 exd5 5. Bg5 Bb4 6. e3 h6 7. Bxf6 Qxf6 8. Bd3 O-O 9. Ne2 c6 10. O-O Nd7 11. Qc2 Nb6 12. a3 Bd6 13. e4 dxe4 14. Nxe4 Qd8 15. Nxd6 Qxd6 16. Rfe1 Bg4 17. Qc5 Rad8 18. Rad1 Qxc5 19. dxc5 Na4 20. f3 Nxb2 21. fxg4 Nxd3 22. Rf1 Nxc5 23. Rc1 Ne4 24. Rf4 Rfe8 25. h3 Rd2 26. Kf1 Rxe2 27. Kxe2 Nc5+ 28. Kd2 Nb3+ 29. Kc2 Nxc1 30. Re4 Rxe4 0-1

[Event "November 21 Early 2023"]
[Site "https://www.chess.com"]
[Date "2023.11.21"]
[Round "3"]
[White "Bharath Subramaniyam H"]
[Black "Csonka, Balazs"]
[Result "1-0"]
[Board "19"]
[TimeControl "180+1"]
[WhiteFideId "46634827"]
[BlackFideId "742910"]
[WhiteElo "2435"]
[BlackElo "2399"]
[WhiteTeam "IND"]
[BlackTeam "HUN"]
[WhiteClock "0:00:19"]
[BlackClock "0:00:01"]

1. e4 c6 2. d4 d5 3. e5 Bf5 4. g4 Be4 5. f3 Bg6 6. e6 Qd6 7. exf7+ Bxf7 8. Nc3 e5 9. dxe5 Qxe5+ 10. Nge2 Bd6 11. Bf4 Qe7 12. Bxd6 Qxd6 13. Qd2 Nd7 14. O-O-O O-O-O 15. Nd4 Ne7 16. Bd3 Nc5 17. Rhe1 Nxd3+ 18. Qxd3 Qf4+ 19. Kb1 Rd7 20. Na4 Qd6 21. Qc3 Kb8 22. Nc5 Rc7 23. Qb4 Ka8 24. a3 Nc8 25. Nf5 Qxh2 26. Nxg7 Bg6 27. Nf5 Bxf5 28. gxf5 Qd6 29. Re6 Qf8 30. Qd4 h5 31. Re3 Re7 32. Ne6 Qh6 33. Qe5 Rhe8 34. Nc7+ Rxc7 35. Qxe8 h4 36. Qd8 Kb8 37. Re8 h3 38. Rh8 Qf4 39. Rxh3 Qxf5 40. Rdh1 a5 41. Rg3 Qf4 42. Rg8 Ka7 43. Rhg1 Nb6 44. Qb8+ Ka6 45. Rf8 Qd6 46. Rd8 Qf4 47. Rf8 Qd6 48. f4 d4 49. Rd1 Na4 50. Qa8+ Kb6 51. Rf5 c5 52. Re5 Qc6 53. Rde1 Qb5 54. Re6+ Rc6 55. Rxc6+ Qxc6 56. Qd8+ Ka6 57. Qg8 c4 58. Re6 1-0

[Event "November 21 Early 2023"]
[Site "https://www.chess.com"]
[Date "2023.11.21"]
[Round "3"]
[White "Krzyzanowski, Marcin"]
[Black "Gholami Orimi, Mahdi"]
[Result "0-1"]
[Board "20"]
[TimeControl "180+1"]
[WhiteFideId "1132199"]
[BlackFideId "12558486"]
[WhiteElo "2471"]
[BlackElo "2331"]
[WhiteTeam "POL"]
[BlackTeam "IRI"]
[WhiteClock "0:00:00"]
[BlackClock "0:00:10"]

1. e4 c5 2. Nf3 d6 3. Bb5+ Bd7 4. Bxd7+ Nxd7 5. O-O Ngf6 6. Qe2 e6 7. c3 Be7 8. d4 O-O 9. e5 Ne8 10. Nbd2 cxd4 11. cxd4 Nc7 12. Ne4 dxe5 13. dxe5 Nd5 14. Bg5 Bxg5 15. Nexg5 h6 16. Ne4 Qe7 17. Rac1 Rfd8 18. Rc2 Nf8 19. Rfc1 Ng6 20. g3 b6 21. h4 Nb4 22. Rc7 Rd7 23. Rc8+ Rxc8 24. Rxc8+ Rd8 25. Qc4 Nd5 26. h5 Nf8 27. Nd6 Nd7 28. a3 Nxe5 29. Nxe5 Qxd6 30. Qc6 Qf8 31. Rxd8 Qxd8 32. Qb7 Qc7 33. Qa8+ Kh7 34. f4 Qc1+ 35. Kh2 Qd1 36. g4 Qe2+ 37. Kg1 Qe1+ 38. Kh2 Qf2+ 39. Kh1 Qxf4 40. Nd7 Qf1+ 41. Kh2 Qf2+ 42. Kh1 Qh4+ 43. Kg1 Qxg4+ 44. Kf2 Qh4+ 45. Kf1 Qh1+ 46. Kf2 Qh2+ 47. Ke1 Qg1+ 48. Kd2 Qd4+ 49. Kc1 Qg1+ 50. Kd2 Qe3+ 51. Kc2 Qe4+ 52. Kc1 Qc4+ 53. Kb1 Nc3+ 54. Kc2 Nb5+ 55. Kd1 Qd3+ 56. Kc1 Qxd7 57. Kb1 Qd3+ 0-1